 Dungeon Sprint DCSS version 0.28.0-53-g5a82cb258f (webtiles) character file.

Game seed: 5485075864527074110

1239 Ashen the Carver (level 8, -8/86 HPs)
             Began as a Naga Berserker on Aug 17, 2022.
             Was an Elder of Trog.
             Mangled by a demonic crawler (11 damage)
             ... in the Dungeon (Sprint I: "Red Sonja").
             The game lasted 00:02:25 (617 turns).

Ashen the Carver (Naga Berserker)                    Turns: 617, Time: 00:02:26

Health: -8/86      AC:  4    Str: 19    XL:     8   Next: 49%
Magic:  8/8        EV: 12    Int:  8    God:    Trog [****..]
Gold:   223        SH:  0    Dex: 13    Spells: 7/7 levels left

rFire   . . .      SeeInvis +   j - +2 dagger (drain)
rCold   . . .      Faith    .   (no shield)
rNeg    . . .      Spirit   .   b - +0 animal skin
rPois   +          Reflect  .   (no helmet)
rElec   .          Harm     .   (no cloak)
rCorr   .          Rampage  .   (no gloves)
Will    +....      NoTele   +   (no barding)
Stlth   +.........              (no amulet)
HPRegen 0.24/turn               (no ring)
MPRegen 0.11/turn               (no ring)

@: on berserk cooldown, slowed, very slow
A: AC +2, large, see invisible, deformed body, poison resistance, slowness 2,
spit poison 1, naga tail 1
a: Spit Poison, Renounce Religion, Berserk, Trog's Hand, Brothers in Arms


You were in the Dungeon.
You worshipped Trog.
Trog was greatly pleased with you.
You visited 1 branch You collected 418 gold pieces.
You spent 195 gold pieces at shops.

Inventory:

Hand Weapons
 a - a +0 falchion
 j - a +2 dagger of draining (weapon)
Armour
 b - a +0 animal skin (worn)
Wands
 i - a wand of digging (10)
 m - a wand of acid (10)
Scrolls
 h - a scroll of blinking
Potions
 c - 2 potions of curing
 d - 2 potions of heal wounds
 e - a potion of haste
 f - 2 potions of magic
 g - a potion of berserk rage
 k - 2 potions of lignification
 l - a potion of might


   Skills:
 + Level 9.9 Fighting
 + Level 10.0 Long Blades
 + Level 7.7 Armour
 + Level 7.6 Dodging


You had 7 spell levels left.
You didn't know any spells.
Your spell library was empty.

Dungeon Overview and Level Annotations

Branches:
Dungeon (1/1)

Altars:
Cheibriados
Dithmenos
Elyvilon
Fedhas
Gozag
Hepliaklqana
Kikubaaqudgha
Makhleb
Nemelex Xobeh
Okawaru
Qazlal
Ru
Sif Muna
Trog
Uskayaw
Vehumet
Wu Jian
Xom
Yredelemnul
Zin
The Shining One
Jiyva
Lugonu

Shops:
D !

Annotations:
D Sonja


Innate Abilities, Weirdness & Mutations

Your serpentine skin is tough. (AC +2)
You have supernaturally acute eyesight. (SInv)
Armour fits poorly on your strangely shaped body.
Your system is resistant to poisons. (rPois)
You cover ground very slowly.
You can spit poison.
You have a snake-like lower body.


Message History

You are exhausted.
You feel yourself slow down.
There is an open door, spattered with blood here.
Things that are here:
a +0 dagger; a +0 robe As you open the door, it creaks loudly! 4 demonic crawlers come into view.
The demonic crawler gives a hideous shriek! x3
The demonic crawler shrieks in warning! x2
You hear an angry buzzing noise.
You hit the demonic crawler but do no damage.
The demonic crawler misses you. The demonic crawler hits you.
The demonic crawler hits you! The demonic crawler closely misses you.
The demonic crawler hits you but does no damage.
The demonic crawler hits you.
You hit the demonic crawler but do no damage.
The demonic crawler hits you. The demonic crawler closely misses you.
The demonic crawler hits you!
You completely miss the demonic crawler.
The demonic crawler shrieks in warning!
You hit the demonic crawler but do no damage.
The demonic crawler shrieks in warning!
The demonic crawler hits you. The demonic crawler hits you!
The demonic crawler barely misses you. x3
The demonic crawler hits you but does no damage.
You hit the demonic crawler but do no damage.
The demonic crawler shrieks in warning!
The demonic crawler barely misses you. The demonic crawler hits you.
The demonic crawler hits you!
You hit the demonic crawler.
The demonic crawler is lightly wounded.
The demonic crawler barely misses you.
The demonic crawler hits you but does no damage.
The demonic crawler hits you! The demonic crawler barely misses you.
The demonic crawler hits you!
* * * LOW HITPOINT WARNING * * *
The demonic crawler hits you!
* * * LOW HITPOINT WARNING * * *
The demonic crawler hits you!
You die...

##################
.#..'..#__#.))...#
.').#..'..'..#..s##+#
'#####'#__####..@ss.#
.#...#.####§[#####s.+
##..##.#§§§§c# ##
_##'#_.+≈§≈..+
..÷..._#§≈≈.c#
_##_.#'##+####
_###+#.# ## #.### $.$


You could see 4 demonic crawlers.

Vanquished Creatures
  2 kobold demonologists (D)
  A slime creature (D)
  Sigmund (D)
  A yak (D)
  A floating eye (D)
  An ogre (D)
  A jelly (D)
  Ijyb (D)
9 creatures vanquished.

Notes
Turn   | Place    | Note
-------+----------+-------------------------------------------
     0 | D        | Ashen the Naga Berserker began the quest for the Orb.
     0 | D        | Reached XP level 1. HP: 21/21 MP: 1/1
     1 | D        | Noticed Ijyb
     7 | D        | Killed Ijyb
     8 | D        | Reached skill level 4 in Long Blades
     8 | D        | Reached XP level 2. HP: 23/31 MP: 2/2
     8 | D        | Reached XP level 3. HP: 27/37 MP: 3/3
   157 | D        | Noticed an ogre
   169 | D        | Killed an ogre
   170 | D        | Reached skill level 5 in Fighting
   170 | D        | Reached skill level 5 in Long Blades
   170 | D        | Reached XP level 4. HP: 29/48 MP: 4/4
   284 | D        | Noticed Sigmund
   293 | D        | Killed Sigmund
   293 | D        | Reached ** piety under Trog
   294 | D        | Reached skill level 7 in Long Blades
   294 | D        | Reached skill level 5 in Armour
   294 | D        | Reached skill level 5 in Dodging
   294 | D        | Reached XP level 5. HP: 57/57 MP: 5/5
   294 | D        | Reached XP level 6. HP: 66/66 MP: 6/6
   321 | D        | Found a shimmering blue altar of Sif Muna.
   322 | D        | Found an ornate altar of the Wu Jian Council.
   323 | D        | Found a radiant altar of Vehumet.
   338 | D        | Found Zum Weida's Distillery.
   338 | D        | Found an ancient bone altar of Kikubaaqudgha.
   338 | D        | Found a stormy altar of Qazlal.
   338 | D        | Found a blossoming altar of Fedhas.
   338 | D        | Found a bloodstained altar of Trog.
   338 | D        | Found an iron altar of Okawaru.
   338 | D        | Found a glowing golden altar of the Shining One.
   338 | D        | Found a glowing silver altar of Zin.
   338 | D        | Found a white marble altar of Elyvilon.
   338 | D        | Noticed a yak
   345 | D        | Killed a yak
   346 | D        | Reached skill level 8 in Long Blades
   346 | D        | Reached XP level 7. HP: 74/74 MP: 7/7
   346 | D        | Found a hazy altar of Hepliaklqana.
   346 | D        | Found a hide-covered altar of Uskayaw.
   346 | D        | Found a basalt altar of Yredelemnul.
   346 | D        | Found an opulent altar of Gozag.
   346 | D        | Found a snail-covered altar of Cheibriados.
   346 | D        | Found a sacrificial altar of Ru.
   346 | D        | Found a shadowy altar of Dithmenos.
   362 | D        | Found a sparkling altar of Nemelex Xobeh.
   402 | D        | Bought a potion of heal wounds for 65 gold pieces
   402 | D        | Bought 2 potions of lignification for 78 gold pieces
   402 | D        | Bought a potion of might for 52 gold pieces
   408 | D        | Noticed Sonja
   419 | D        | Noticed a centaur warrior
   419 | D        | Noticed a centaur warrior
   426 | D        | Found a viscous altar of Jiyva.
   426 | D        | Found a corrupted altar of Lugonu.
   426 | D        | Noticed a slime creature
   427 | D        | Found a burning altar of Makhleb.
   427 | D        | Found a shimmering altar of Xom.
   442 | D        | Killed a slime creature
   588 | D        | Noticed a kobold demonologist
   589 | D        | Noticed a kobold demonologist
   599 | D        | Killed a kobold demonologist
   599 | D        | Reached *** piety under Trog
   600 | D        | Reached skill level 9 in Long Blades
   600 | D        | Reached XP level 8. HP: 85/85 MP: 8/8
   602 | D        | Noticed a soul eater
   603 | D        | Killed a kobold demonologist
   604 | D        | Reached **** piety under Trog
   605 | D        | Reached skill level 10 in Long Blades
   611 | D        | Noticed a demonic crawler
   611 | D        | Noticed a demonic crawler
   611 | D        | Noticed a demonic crawler
   611 | D        | Noticed a demonic crawler
   617 | D        | HP: 3/86 [demonic crawler (11)]
   617 | D        | Mangled by a demonic crawler

Illustrated notes

Levels and vault maps discovered:
D:        dungeon_sprint_1 [red_sonja_temple_1, red_sonja_temple_small_1]

Skill      XL: |  1  2  3  4  5  6  7  8 |
---------------+-------------------------+-----
Fighting       | 4 5 7 8 9 |  9.9
Long Blades    | 4 5 7 8 9 10 | 10.0
Armour         | 2 3 5 6 7 |  7.7
Dodging        | 2 3 5 7 |  7.6

Action                   |  1- 3 |  4- 6 |  7- 9 || total
-------------------------+-------+-------+-------++-------
Melee: Falchion          |     4 |       |       ||     4
       Dagger            |    11 |    16 |    33 ||    60
Invok: Berserk           |     1 |     2 |     1 ||     4
 Abil: Spit Poison       |     1 |     1 |     1 ||     3
Armor: Animal skin       |       |     2 |     8 ||    10
Dodge: Dodged            |     7 |     7 |    15 ||    29
